[Event "ICC tourney 2260 (3 2)"]
[Site "Internet Chess Club"]
[Date "2020.12.31"]
[Round "7"]
[White "Mozart1"]
[Black "Udonramen"]
[Result "1-0"]
[ICCResult "Black resigns"]
[WhiteElo "1836"]
[BlackElo "1947"]
[Opening "Sicilian: dragon, Yugoslav attack, Rauser variation"]
[ECO "B76"]
[NIC "SI.17"]
[Time "13:53:21"]
[PlyCount "87"]
[TimeControl "180+2"]

1. e4 c5 2. Nf3 d6 3. d4 cxd4 4. Nxd4 Nf6 5. Nc3 g6 6. Be3 Bg7 7. f3 O-O 8.
Qd2 Nc6 9. O-O-O d5 10. exd5 Nxd5 11. Nxc6 bxc6 12. Bd4 Bxd4 13. Qxd4 Qb6
14. Na4 Qc7 15. Nc5 e5 16. Qc4 Rb8 17. Re1 Rb4 18. Qd3 Qb6 19. Nb3 Bf5 20.
Qd2 a5 21. g4 Be6 22. a3 Rxb3 23. cxb3 Qxb3 24. Qc2 Qb6 25. Bd3 Ne3 26. Qf2
Qc5+ 27. Bc2 Bb3 28. Rxe3 Bxc2 29. Qe1 Rd8 30. Rc3 Qd4 31. Rxc2 Qf4+ 32.
Kb1 Qxf3 33. Rf1 Qxg4 34. Qxe5 Rd1+ 35. Rxd1 Qxd1+ 36. Rc1 Qd3+ 37. Ka1 a4
38. Qe8+ Kg7 39. Qxc6 Qb3 40. Qc3+ f6 41. Qxb3 axb3 42. a4 f5 43. a5 f4 44.
a6 { Black resigns } 1-0

[Event "ICC tourney 2260 (3 2)"]
[Site "Internet Chess Club"]
[Date "2020.12.31"]
[Round "7"]
[White "el008"]
[Black "Viking21"]
[Result "1-0"]
[ICCResult "Black checkmated"]
[WhiteElo "1944"]
[BlackElo "1905"]
[Opening "Alekhine's defense: modern, Larsen variation"]
[ECO "B04"]
[NIC "AL.05"]
[Time "13:53:16"]
[PlyCount "109"]
[TimeControl "180+2"]

1. e4 Nf6 2. e5 Nd5 3. d4 d6 4. Nf3 dxe5 5. Nxe5 c6 6. c4 Nb4 7. Nd3 e5 8.
dxe5 Nxd3+ 9. Bxd3 Qa5+ 10. Nc3 Qxe5+ 11. Qe2 Qxe2+ 12. Kxe2 Bc5 13. a3 O-O
14. Re1 Re8+ 15. Kf1 Rxe1+ 16. Kxe1 Be6 17. b4 Bd4 18. Bb2 Nd7 19. Nd1 Bxb2
20. Nxb2 Ne5 21. Be2 Rd8 22. Rd1 Rxd1+ 23. Kxd1 Kf8 24. c5 Ke7 25. f4 Ng4
26. Bxg4 Bxg4+ 27. Kd2 Ke6 28. h3 Bf5 29. g4 Be4 30. Nc4 Kd5 31. Nd6 Bg2
32. h4 f6 33. Ke3 b6 34. Ne8 bxc5 35. bxc5 Kxc5 36. Nxg7 Kd5 37. g5 fxg5
38. hxg5 c5 39. f5 Be4 40. g6 h5 41. Nxh5 Bxf5 42. g7 Be6 43. Nf4+ Ke5 44.
Nxe6 Kxe6 45. g8=Q+ Ke5 46. Qc4 Kd6 47. a4 a6 48. a5 Kc6 49. Qxa6+ Kd5 50.
Qb6 Kc4 51. a6 Kd5 52. a7 Kc4 53. a8=Q Kc3 54. Qxc5+ Kb3 55. Qaa3# { Black
checkmated } 1-0

[Event "ICC tourney 2260 (3 2)"]
[Site "Internet Chess Club"]
[Date "2020.12.31"]
[Round "7"]
[White "Heliosis"]
[Black "KingRayfish"]
[Result "0-1"]
[ICCResult "White resigns"]
[WhiteElo "1880"]
[BlackElo "1469"]
[Opening "KP: Nimzovich defense"]
[ECO "B00"]
[NIC "VO.05"]
[Time "13:53:20"]
[PlyCount "110"]
[TimeControl "180+2"]

1. e4 Nc6 2. Nf3 d5 3. exd5 Qxd5 4. Nc3 Qh5 5. d4 Bg4 6. Be2 O-O-O 7. h3
Nf6 8. O-O Kb8 9. Be3 Bxf3 10. Bxf3 Qf5 11. Bxc6 bxc6 12. Qe2 Nd5 13. Nxd5
Qxd5 14. c4 Qa5 15. a3 g6 16. b4 Qa6 17. b5 cxb5 18. cxb5 Qb7 19. Rac1 Bg7
20. Bf4 Rc8 21. Qxe7 Bxd4 22. Qb4 Bb6 23. a4 a6 24. bxa6 Bxf2+ 25. Kxf2
Qxb4 26. Rb1 Qxb1 27. Rxb1+ Ka7 28. Rb7+ Kxa6 29. Rxc7 Rxc7 30. Bxc7 Rc8
31. Bd6 Rc4 32. Kf3 Rxa4 33. Bf4 Kb5 34. Kg4 f6 35. h4 h6 36. Kg3 g5 37.
hxg5 hxg5 38. Be3 Ra3 39. Kf2 Kc4 40. g4 Kd3 41. Kf3 Kc4 42. Ke4 Rd3 43.
Bf2 Rd6 44. Kf5 Ra6 45. Be3 Kd3 46. Bc5 Ke2 47. Be7 Kf3 48. Bd8 Kg3 49.
Bc7+ Kh4 50. Bd8 Rd6 51. Be7 Rc6 52. Bf8 Rc4 53. Be7 Rxg4 54. Bxf6 Rf4+ 55.
Kg6 Rxf6+ { White resigns } 0-1

[Event "ICC tourney 2260 (3 2)"]
[Site "Internet Chess Club"]
[Date "2020.12.31"]
[Round "7"]
[White "hggonzalezzss"]
[Black "alexsaidfeghhi"]
[Result "1-0"]
[ICCResult "Black checkmated"]
[WhiteElo "1767"]
[BlackElo "1902"]
[Opening "Alekhine's defense: Scandinavian variation"]
[ECO "B02"]
[NIC "AL.10"]
[Time "13:53:27"]
[PlyCount "89"]
[TimeControl "180+2"]

1. e4 Nf6 2. Nc3 d5 3. exd5 Nxd5 4. Ne4 e5 5. Nf3 f5 6. Ng3 e4 7. Nd4 Qf6
8. c3 Bc5 9. Qb3 Nf4 10. Qb5+ Nd7 11. Ndxf5 O-O 12. Bc4+ Kh8 13. O-O c6 14.
Qb3 g6 15. Ne3 b5 16. Be2 Ne5 17. Nxe4 Nxe2+ 18. Kh1 Qe7 19. d4 Nd3 20.
Nxc5 Nxf2+ 21. Rxf2 Rxf2 22. Qd1 Bg4 23. Nxg4 Rf5 24. Be3 Nf4 25. Ne5 Qg5
26. Bxf4 Rxf4 27. Ncd3 Rf6 28. Qe2 Re8 29. Nf7+ Rxf7 30. Qxe8+ Kg7 31. Ne5
Rf2 32. Qd7+ Kg8 33. Qe6+ Kg7 34. Qh3 Qd2 35. Rg1 Qxb2 36. Qd7+ Kg8 37.
Qe8+ Kg7 38. Qe7+ Kg8 39. Ng4 Rf7 40. Nh6+ Kg7 41. Nxf7 Qxc3 42. Ne5+ Kh6
43. g4 Qxd4 44. g5+ Kh5 45. Qxh7# { Black checkmated } 1-0

[Event "ICC tourney 2260 (3 2)"]
[Site "Internet Chess Club"]
[Date "2020.12.31"]
[Round "7"]
[White "VeronicaG"]
[Black "Kinawa"]
[Result "1-0"]
[ICCResult "Black forfeits on time"]
[WhiteElo "1828"]
[BlackElo "1535"]
[Opening "Queen's pawn: London system"]
[ECO "A45"]
[NIC "QP.07"]
[Time "13:53:15"]
[PlyCount "119"]
[TimeControl "180+2"]

1. d4 Nf6 2. Bf4 e6 3. e3 c5 4. c3 d5 5. Nd2 Nc6 6. Ngf3 Bd6 7. Bg3 O-O 8.
Bd3 Re8 9. Ne5 Qc7 10. f4 c4 11. Bc2 Ne7 12. Bh4 Ng6 13. Bxg6 hxg6 14. Qf3
b5 15. Qh3 Ne4 16. Nef3 f6 17. Qg4 Qf7 18. Nxe4 dxe4 19. Nd2 e5 20. Qe2
exf4 21. exf4 Bxf4 22. O-O g5 23. Bg3 Bxg3 24. hxg3 Bb7 25. Qe3 Qg6 26. Rf2
f5 27. a4 a6 28. a5 Rf8 29. Raf1 Rf7 30. g4 f4 31. Qe2 e3 32. Rf3 Bxf3 33.
Nxf3 Re7 34. Ne5 Qe4 35. Rf3 Rxe5 36. dxe5 Qxe5 37. g3 Rd8 38. gxf4 gxf4
39. Rf1 Rd2 40. Qf3 e2 41. Re1 Rd1 42. Rxd1 exd1=Q+ 43. Qxd1 Qe3+ 44. Kf1
Qh3+ 45. Kg1 f3 46. Qd5+ Kh8 47. Qa8+ Kh7 48. Qe4+ Kh6 49. Qf4+ Kh7 50.
Qe4+ g6 51. Qe7+ Kh6 52. g5+ Kh5 53. Qh7+ Kg4 54. Qd7+ Kh4 55. Qh7+ Kg4 56.
Qd7+ Kh5 57. Qh7+ Kg4 58. Qd7+ Kg3 59. Qd6+ Kh4 60. Qd4+ { Black forfeits
on time } 1-0

[Event "ICC tourney 2260 (3 2)"]
[Site "Internet Chess Club"]
[Date "2020.12.31"]
[Round "7"]
[White "DualMoneytime"]
[Black "chessrex"]
[Result "1/2-1/2"]
[ICCResult "Game drawn by mutual agreement"]
[WhiteElo "1960"]
[BlackElo "1958"]
[Opening "KP: Nimzovich defense"]
[ECO "B00"]
[NIC "VO.05"]
[Time "13:53:19"]
[PlyCount "129"]
[TimeControl "180+2"]

1. e4 Nc6 2. Nf3 d6 3. d4 g6 4. Nc3 Bg7 5. h3 a6 6. Be3 h6 7. a4 Nf6 8. Qd2
Bd7 9. O-O-O e5 10. dxe5 dxe5 11. Bc4 Qe7 12. Kb1 O-O-O 13. Nd5 Nxd5 14.
exd5 Nb8 15. Bb3 f5 16. Qe2 Rhe8 17. Rhe1 Qd6 18. Qc4 b5 19. axb5 Bxb5 20.
Qc5 Qxc5 21. Bxc5 Nd7 22. Ba3 Kb7 23. c4 e4 24. Nd4 Bxd4 25. Rxd4 Ne5 26.
cxb5 axb5 27. Bc2 Kb6 28. Red1 Nc4 29. Bb3 Na5 30. Ka2 Nb7 31. Bb4 Ra8+ 32.
Kb1 Rad8 33. g4 f4 34. Re1 e3 35. fxe3 fxe3 36. Rd3 Re4 37. Bc3 Nc5 38.
Rdxe3 Rxe3 39. Rxe3 Nxb3 40. Bf6 Rf8 41. Bg7 Rf1+ 42. Kc2 Na5 43. b4 Nc4
44. Re6+ Kb7 45. Rxg6 Ne3+ 46. Kd3 Nxd5 47. Rxh6 Nxb4+ 48. Ke2 Rf7 49. Bc3
Nd5 50. Bd4 b4 51. g5 b3 52. g6 Re7+ 53. Kd2 Re8 54. g7 Ne7 55. Rh8 Rg8 56.
Rxg8 Nxg8 57. Kc3 Kc6 58. Kxb3 Kd7 59. Kc4 Ke6 60. Kc5 Kf7 61. Kc6 Ne7+ 62.
Kxc7 Nf5 63. Bc3 Nxg7 64. Kd6 Kg6 65. Ke5 { Game drawn by mutual agreement
} 1/2-1/2

[Event "ICC tourney 2260 (3 2)"]
[Site "Internet Chess Club"]
[Date "2020.12.31"]
[Round "7"]
[White "saisiva765"]
[Black "Feugon"]
[Result "1/2-1/2"]
[ICCResult "Game drawn by mutual agreement"]
[WhiteElo "1950"]
[BlackElo "1982"]
[Opening "Queen's pawn"]
[ECO "A40"]
[NIC "QO.17"]
[Time "13:53:15"]
[PlyCount "118"]
[TimeControl "180+2"]

1. d4 e6 2. Bf4 f5 3. e3 Nf6 4. Nc3 Bb4 5. a3 Bxc3+ 6. bxc3 b6 7. Nf3 Bb7
8. Be2 Ne4 9. c4 Nc3 10. Qd3 Nxe2 11. Qxe2 O-O 12. O-O d6 13. a4 a5 14. h3
Nd7 15. Bg5 Qe8 16. Nd2 e5 17. Rfe1 Qg6 18. f4 h6 19. Bh4 exd4 20. exd4
Rae8 21. Qf2 Nf6 22. d5 Ne4 23. Qd4 Nxd2 24. Qxd2 Ba6 25. Qd4 Rxe1+ 26.
Rxe1 Re8 27. Rxe8+ Qxe8 28. Kf2 Kf7 29. Kf3 Qxa4 30. Qd3 Qd7 31. g4 fxg4+
32. hxg4 Kg8 33. Qe4 a4 34. f5 Kf7 35. g5 hxg5 36. Bxg5 Bc8 37. Kf4 a3 38.
Kg3 a2 39. Qe1 a1=Q 40. Qxa1 Qxf5 41. Qc1 Qg4+ 42. Kf2 Qd4+ 43. Qe3 Qxe3+
44. Kxe3 Bf5 45. Bd8 Bxc2 46. Bxc7 Ke7 47. Bxb6 Bb3 48. Kd4 g5 49. Ba5 g4
50. Be1 Bd1 51. Bg3 Bf3 52. Bh4+ Kd7 53. Bg3 Ke7 54. Bh4+ Kd7 55. Bg3 Bg2
56. c5 dxc5+ 57. Kxc5 Bf3 58. d6 Bc6 59. Bf4 Bf3 { Game drawn by mutual
agreement } 1/2-1/2

[Event "ICC tourney 2260 (3 2)"]
[Site "Internet Chess Club"]
[Date "2020.12.31"]
[Round "7"]
[White "LuckyNessLover"]
[Black "crazyhorse9"]
[Result "1-0"]
[ICCResult "Black forfeits on time"]
[WhiteElo "1655"]
[BlackElo "1462"]
[Opening "Giuoco Pianissimo: Italian four knights variation"]
[ECO "C50"]
[NIC "IG.02"]
[Time "13:53:26"]
[PlyCount "131"]
[TimeControl "180+2"]

1. e4 e5 2. Nf3 Nc6 3. Bc4 Bc5 4. d3 Nf6 5. Nc3 d6 6. h3 h6 7. Be3 Bb6 8.
O-O O-O 9. Bb3 Bd7 10. Qd2 Be6 11. Nd5 Bxd5 12. Bxd5 Nxd5 13. exd5 Nd4 14.
Bxd4 exd4 15. Qf4 Qf6 16. Qxf6 gxf6 17. Rfe1 Rfe8 18. Re4 f5 19. Rf4 Re2
20. Rc1 Kg7 21. Nxd4 Bxd4 22. Rxd4 Rae8 23. Rc4 R8e7 24. Rb4 c6 25. dxc6
bxc6 26. Rc4 c5 27. d4 cxd4 28. Rxd4 R7e6 29. Ra4 Rd2 30. Rxa7 Ree2 31. Rc7
Rxf2 32. Re7 Rxg2+ 33. Kf1 Rh2 34. Kg1 Rhg2+ 35. Kh1 Rh2+ 36. Kg1 Rhg2+ 37.
Kf1 Rh2 38. Kg1 Rhg2+ 39. Kh1 Rh2+ 40. Kg1 Rhg2+ 41. Kf1 Rh2 42. Ke1 Rxc2
43. Rxc2 Rxc2 44. b4 Rxa2 45. b5 Rb2 46. Ra7 Rxb5 47. Ra6 Re5+ 48. Kf2 d5
49. Ra5 Kf6 50. Kf3 Kg5 51. Ra4 Re4 52. Ra5 d4 53. h4+ Rxh4 54. Rd5 Rh3+
55. Kg2 Rd3 56. Kf2 Kf4 57. Ke2 Re3+ 58. Kd2 d3 59. Rd4+ Kf3 60. Rd5 f4 61.
Rf5 Kg3 62. Rxf7 h5 63. Rf5 h4 64. Rh5 h3 65. Rg5+ Kf3 66. Rh5 { Black
forfeits on time } 1-0

[Event "ICC tourney 2260 (3 2)"]
[Site "Internet Chess Club"]
[Date "2020.12.31"]
[Round "7"]
[White "local0928"]
[Black "ekanshmehrotra"]
[Result "1/2-1/2"]
[ICCResult "Game drawn by mutual agreement"]
[WhiteElo "1785"]
[BlackElo "1843"]
[Opening "Giuoco Pianissimo: Italian four knights variation"]
[ECO "C55"]
[NIC "IG.01"]
[Time "13:53:20"]
[PlyCount "162"]
[TimeControl "180+2"]

1. e4 e5 2. Nf3 Nc6 3. Bc4 Nf6 4. d3 Bc5 5. Nc3 O-O 6. h3 h6 7. O-O d6 8.
Na4 Bb6 9. Nxb6 axb6 10. a3 Be6 11. Bxe6 fxe6 12. c3 d5 13. Qc2 Qd6 14. Re1
Rae8 15. Bd2 b5 16. Rad1 Nd8 17. b4 Nf7 18. Be3 b6 19. Qb3 Rb8 20. Bc1 c5
21. Bb2 d4 22. a4 bxa4 23. Qxa4 Ra8 24. Qb3 Rfc8 25. b5 Nh5 26. c4 Nf4 27.
Kh2 Ra7 28. g3 Ng6 29. Ra1 Rca8 30. Rxa7 Rxa7 31. Ra1 Qb8 32. Ra3 Qa8 33.
Qa2 Rxa3 34. Qxa3 Qxa3 35. Bxa3 Kf8 36. Kg2 Ke7 37. h4 Kf6 38. Bc1 Nd6 39.
Bd2 Ne7 40. Nh2 h5 41. g4 g6 42. g5+ Kg7 43. Nf3 Nf7 44. Ng1 Nc8 45. f4
Ncd6 46. Nf3 Nc8 47. fxe5 Ne7 48. Bf4 Nc8 49. Ng1 Nd8 50. Nh3 Nb7 51. Bg3
Na5 52. Nf2 Nb3 53. Nd1 Na5 54. Nb2 Kf7 55. Kf1 Ke7 56. Ke2 Kd7 57. Kd2 Nb7
58. Kc2 Nd8 59. Nd1 Ke7 60. Kd2 Nf7 61. Ke2 Nd8 62. Kf3 Kf7 63. Nf2 Nb7 64.
Nh3 Nd8 65. Nf4 Ne7 66. Nh3 Nb7 67. Be1 Ke8 68. Ng1 Nd8 69. Nh3 Nf7 70. Bg3
Nd8 71. Nf2 Nb7 72. Nd1 Na5 73. Nb2 Kd7 74. Ke2 Nb7 75. Na4 Kc7 76. Be1 Nd8
77. Nb2 Nb7 78. Nd1 Nd8 79. Nf2 Nb7 80. Nh3 Nd8 81. Nf4 Kd7 { Game drawn by
mutual agreement } 1/2-1/2

[Event "ICC tourney 2260 (3 2)"]
[Site "Internet Chess Club"]
[Date "2020.12.31"]
[Round "7"]
[White "uzkuzk"]
[Black "Chessnutt2014"]
[Result "0-1"]
[ICCResult "White forfeits on time"]
[WhiteElo "1809"]
[BlackElo "1941"]
[Opening "Sicilian defense"]
[ECO "B20"]
[NIC "SI.48"]
[Time "13:53:23"]
[PlyCount "148"]
[TimeControl "180+2"]

1. e4 c5 2. a3 e6 3. b4 cxb4 4. axb4 Bxb4 5. c3 Be7 6. d4 d5 7. e5 Qc7 8.
Qg4 g6 9. h4 h5 10. Qd1 Nh6 11. Bxh6 Rxh6 12. Qd2 Rh8 13. Na3 a6 14. Nc2
Nd7 15. Nf3 Nb6 16. Ne3 Bd7 17. Bd3 Rc8 18. Nd1 Nc4 19. Qc2 Na3 20. Qb3 Nb5
21. g3 Na7 22. O-O Bb5 23. Qc2 Bxd3 24. Qxd3 Nb5 25. Rb1 Na3 26. Rb3 Nc4
27. Ne3 b5 28. Ra1 Qc6 29. Rbb1 Kd7 30. Ra2 Rb8 31. Rba1 Rb6 32. Nd2 Rhb8
33. Nb3 Kc7 34. Nc5 Bxc5 35. dxc5 Qxc5 36. Rxa6 Rxa6 37. Rxa6 Rb6 38. Ra8
Rb8 39. Ra1 Rb7 40. Nxc4 bxc4 41. Qc2 Ra7 42. Rc1 Ra3 43. Rb1 Qa5 44. Qb2
Rb3 45. Qc2 Qxc3 46. Qa2 Rxb1+ 47. Qxb1 Qb3 48. Qa1 c3 49. Qa5+ Kc6 50.
Qa6+ Kc5 51. Qc8+ Kd4 52. Qa6 c2 53. Qa7+ Kd3 54. Qe3+ Kc4 55. Qf4+ Kb5 56.
Qxf7 c1=Q+ 57. Kg2 Qbc4 58. Qb7+ Kc5 59. Qc7+ Kd4 60. Qa7+ Qc5 61. Qa4+
Q1c4 62. Qa1+ Qc3 63. Qa4+ Kd3 64. Qa6+ Q3c4 65. Qa1 Qe4+ 66. Kg1 Qed4 67.
Qd1+ Kc4 68. Qa4+ Qb4 69. Qc2+ Qdc3 70. Qe2+ Qd3 71. Qa2+ Kc3 72. Qa1+ Qb2
73. Qa5+ Kc2 74. Qc7+ Qdc3 { White forfeits on time } 0-1

[Event "ICC tourney 2260 (3 2)"]
[Site "Internet Chess Club"]
[Date "2020.12.31"]
[Round "8"]
[White "chessrex"]
[Black "A4-H5"]
[Result "1-0"]
[ICCResult "Black resigns"]
[WhiteElo "1958"]
[BlackElo "1999"]
[Opening "Queen's pawn: Lundin (Kevitz-Mikenas) defense"]
[ECO "A40"]
[NIC "QO.17"]
[Time "14:07:29"]
[PlyCount "79"]
[TimeControl "180+2"]

1. d4 Nc6 2. Nf3 d6 3. Nc3 Bg4 4. h3 Bxf3 5. exf3 g6 6. Be3 Bg7 7. Qd2 Nf6
8. Bb5 O-O 9. Bxc6 bxc6 10. Bh6 Re8 11. Bxg7 Kxg7 12. O-O e5 13. Rfe1 exd4
14. Qxd4 c5 15. Qd2 Qd7 16. Ne4 Qf5 17. Qc3 Qe5 18. Nxf6 Qxf6 19. Qxf6+
Kxf6 20. Kf1 Rab8 21. b3 Re6 22. Re4 d5 23. Rf4+ Kg7 24. Re1 Rbe8 25. Rxe6
Rxe6 26. Ra4 a6 27. Ra5 Rc6 28. Ke2 Kf6 29. Kd3 g5 30. c3 Ke6 31. c4 d4 32.
b4 Kd6 33. bxc5+ Rxc5 34. Rxa6+ c6 35. Kxd4 Re5 36. Rxc6+ Kxc6 37. Kxe5 Kc5
38. Kf5 h6 39. Kf6 Kxc4 40. Kxf7 { Black resigns } 1-0

[Event "ICC tourney 2260 (3 2)"]
[Site "Internet Chess Club"]
[Date "2020.12.31"]
[Round "8"]
[White "TheOrcaPro"]
[Black "Purushottam123"]
[Result "0-1"]
[ICCResult "White resigns"]
[WhiteElo "1735"]
[BlackElo "1663"]
[Opening "Sicilian: dragon, 6.Be3"]
[ECO "B72"]
[NIC "SI.15"]
[Time "14:07:19"]
[PlyCount "84"]
[TimeControl "180+2"]

1. e4 c5 2. Nf3 d6 3. d4 cxd4 4. Nxd4 Nf6 5. Nc3 g6 6. Be3 a6 7. f3 b5 8.
Bd3 Bb7 9. O-O Nbd7 10. f4 b4 11. Nce2 Nxe4 12. Bxe4 Bxe4 13. Ng3 Bb7 14.
Qd3 Nc5 15. Qc4 a5 16. f5 Ba6 17. Qd5 Bxf1 18. Rxf1 e6 19. fxe6 fxe6 20.
Nxe6 Nxe6 21. Qxe6+ Qe7 22. Qxe7+ Bxe7 23. Bd4 Rf8 24. Re1 Kd7 25. Ne4 Rac8
26. c3 d5 27. Nd2 bxc3 28. Bxc3 Bc5+ 29. Kh1 Rce8 30. Rxe8 Rxe8 31. Nf3 Bb4
32. Bxb4 axb4 33. h3 Ra8 34. Ng5 h6 35. Nh7 Rxa2 36. Nf8+ Kd6 37. Nxg6 Rxb2
38. g4 d4 39. h4 d3 40. Nf4 d2 41. Ng2 d1=Q+ 42. Kh2 Qxg4 { White resigns }
0-1

[Event "ICC tourney 2260 (3 2)"]
[Site "Internet Chess Club"]
[Date "2020.12.31"]
[Round "8"]
[White "MIEMBR"]
[Black "AirMaisem"]
[Result "1-0"]
[ICCResult "Black checkmated"]
[WhiteElo "1842"]
[BlackElo "1171"]
[Opening "Queen's pawn game, Darooha variation "]
[ECO "D02"]
[NIC "QP.08"]
[Time "14:07:26"]
[PlyCount "55"]
[TimeControl "180+2"]

1. d4 d5 2. Nf3 Nf6 3. g3 Nc6 4. Bg2 e6 5. O-O Bd6 6. b3 O-O 7. Bb2 b6 8.
c4 Bb7 9. Nc3 Ne4 10. cxd5 Nxc3 11. Bxc3 exd5 12. Ne5 f6 13. Bxd5+ Kh8 14.
Bxc6 Bxc6 15. Nxc6 Qd7 16. d5 h5 17. Qd4 f5 18. Ne5 Bxe5 19. Qxe5 Rae8 20.
Qd4 f4 21. Rad1 fxg3 22. hxg3 Rf6 23. Qh4 Rh6 24. e3 Qf5 25. Kg2 Re4 26.
Qd8+ Kh7 27. Qxc7 h4 28. Qxg7# { Black checkmated } 1-0

[Event "ICC tourney 2260 (3 2)"]
[Site "Internet Chess Club"]
[Date "2020.12.31"]
[Round "8"]
[White "stephenwilly"]
[Black "TacoCat"]
[Result "1-0"]
[ICCResult "Black resigns"]
[WhiteElo "1496"]
[BlackElo "1882"]
[Opening "Petrov: modern attack, main line"]
[ECO "C43"]
[NIC "RG.01"]
[Time "14:07:28"]
[PlyCount "77"]
[TimeControl "180+2"]

1. e4 e5 2. Nf3 Nf6 3. d4 exd4 4. e5 Ne4 5. Qxd4 d5 6. exd6 Nxd6 7. Nc3 Nc6
8. Qd1 Be7 9. Be3 O-O 10. Bd3 Bf5 11. O-O Bxd3 12. Qxd3 Re8 13. Rfe1 g6 14.
Rad1 Bf6 15. Nd5 Bg7 16. c4 Ne5 17. Nxe5 Bxe5 18. Bd4 Bxd4 19. Qxd4 Rxe1+
20. Rxe1 Nf5 21. Qc3 Qh4 22. Nf6+ Kf8 23. h3 Qd4 24. Qa3+ Kg7 25. Ne8+ Kg8
26. Nxc7 Qd2 27. Re5 Qd1+ 28. Kh2 Rc8 29. Nd5 Qd4 30. Rxf5 gxf5 31. Ne7+
Kh8 32. Nxc8 Qf4+ 33. Qg3 Qxc4 34. Ne7 f6 35. Qb8+ Kg7 36. Nxf5+ Kg6 37.
Ne7+ Kf7 38. Qg8+ Kxe7 39. Qxc4 { Black resigns } 1-0

[Event "ICC tourney 2260 (3 2)"]
[Site "Internet Chess Club"]
[Date "2020.12.31"]
[Round "8"]
[White "Heliosis"]
[Black "local0928"]
[Result "1-0"]
[ICCResult "Black resigns"]
[WhiteElo "1880"]
[BlackElo "1785"]
[Opening "Ruy Lopez: closed, anti-Marshall 8.a4"]
[ECO "C88"]
[NIC "RL.18"]
[Time "14:07:24"]
[PlyCount "109"]
[TimeControl "180+2"]

1. e4 e5 2. Nf3 Nc6 3. Bb5 a6 4. Ba4 Nf6 5. O-O b5 6. Bb3 Be7 7. Re1 O-O 8.
a4 Bb7 9. c3 d6 10. d4 Re8 11. axb5 axb5 12. Rxa8 Qxa8 13. Bg5 Qa1 14. dxe5
Nxe5 15. Nxe5 dxe5 16. Bxf6 Bxf6 17. Qd7 Rf8 18. Qd2 Rd8 19. Qc2 c5 20. Kf1
c4 21. Na3 cxb3 22. Qxb3 Qxe1+ 23. Kxe1 Bxe4 24. Nxb5 Bxg2 25. c4 e4 26. c5
Bf3 27. c6 Rd1+ 28. Qxd1 Bxd1 29. Kxd1 Be5 30. c7 Bxc7 31. Nxc7 Kf8 32. Nd5
Ke8 33. Ke2 Kd7 34. Ke3 f5 35. b4 g5 36. b5 Kd6 37. Kd4 h5 38. Nf6 h4 39.
Nxe4+ fxe4 40. Kxe4 Kc5 41. Kf5 Kxb5 42. Kxg5 h3 43. Kg4 Kc5 44. Kxh3 Kd5
45. Kg4 Ke4 46. f4 Kd5 47. Kg5 Kd6 48. f5 Ke7 49. Kg6 Kf8 50. f6 Kg8 51.
f7+ Kf8 52. h4 Ke7 53. Kg7 Ke6 54. f8=Q Ke5 55. h5 { Black resigns } 1-0

[Event "ICC tourney 2260 (3 2)"]
[Site "Internet Chess Club"]
[Date "2020.12.31"]
[Round "8"]
[White "falcongw"]
[Black "auggie29"]
[Result "1/2-1/2"]
[ICCResult "Game drawn by mutual agreement"]
[WhiteElo "1256"]
[BlackElo "1095"]
[Opening "Sicilian defense"]
[ECO "B30"]
[NIC "SI.31"]
[Time "14:07:16"]
[PlyCount "102"]
[TimeControl "180+2"]

1. e4 c5 2. Nf3 Nc6 3. c3 e6 4. d4 cxd4 5. cxd4 d5 6. exd5 exd5 7. Nc3 Nf6
8. Bb5 Bb4 9. O-O O-O 10. Bg5 Be6 11. a3 Be7 12. Bxc6 bxc6 13. Ne5 Qc7 14.
Bf4 Bd6 15. Rc1 Nh5 16. Qxh5 Bxe5 17. Bxe5 Qd7 18. b4 f6 19. Bf4 a5 20.
Rfe1 Bg4 21. Qh4 g5 22. Bxg5 fxg5 23. Qxg5+ Qg7 24. Qxg7+ Kxg7 25. Re7+ Rf7
26. Rxf7+ Kxf7 27. f3 Be6 28. Ne2 axb4 29. axb4 Bd7 30. Nc3 Ra3 31. Kf2 Rb3
32. b5 cxb5 33. Nxd5 Ke6 34. Nc7+ Kd6 35. Rc2 b4 36. g4 Rc3 37. Rxc3 bxc3
38. Ke3 Kxc7 39. Kd3 Bc6 40. f4 Bf3 41. g5 c2 42. Kxc2 Kd6 43. Kd3 Kd5 44.
Ke3 Be4 45. h4 Bf5 46. h5 Bb1 47. Kf3 Kxd4 48. Kg4 Kd5 49. f5 Ke5 50. g6
hxg6 51. fxg6 Kf6 { Game drawn by mutual agreement } 1/2-1/2

[Event "ICC tourney 2260 (3 2)"]
[Site "Internet Chess Club"]
[Date "2020.12.31"]
[Round "8"]
[White "alexsaidfeghhi"]
[Black "DFKnights"]
[Result "0-1"]
[ICCResult "White checkmated"]
[WhiteElo "1902"]
[BlackElo "1802"]
[Opening "King's pawn opening"]
[ECO "B07"]
[NIC "VO.17"]
[Time "14:07:30"]
[PlyCount "70"]
[TimeControl "180+2"]

1. e4 d6 2. d4 g6 3. Nf3 Bg7 4. Bc4 Nf6 5. Qe2 O-O 6. O-O Bg4 7. c3 Nc6 8.
h3 Bxf3 9. Qxf3 e5 10. Be3 exd4 11. cxd4 Nd7 12. Rd1 Qe7 13. Nc3 Nb6 14.
Nd5 Nxd5 15. Bxd5 Rab8 16. Rac1 Nd8 17. Bb3 c6 18. Rc2 Ne6 19. d5 Ng5 20.
Bxg5 Qxg5 21. dxc6 bxc6 22. Rxd6 c5 23. Rd7 a5 24. Rxf7 Rxf7 25. Qxf7+ Kh8
26. a4 Qe5 27. Bd5 Rf8 28. Qe6 Qd4 29. Kh2 Be5+ 30. g3 Rxf2+ 31. Rxf2 Qxf2+
32. Kh1 Qf3+ 33. Kg1 Bd4+ 34. Kh2 Qf2+ 35. Kh1 Qg1# { White checkmated }
0-1

[Event "ICC tourney 2260 (3 2)"]
[Site "Internet Chess Club"]
[Date "2020.12.31"]
[Round "8"]
[White "caracleliem2"]
[Black "shrey16ultimate"]
[Result "1-0"]
[ICCResult "Black checkmated"]
[WhiteElo "1152"]
[BlackElo "1601"]
[Opening "Caro-Kann defense"]
[ECO "B10"]
[NIC "CK.01"]
[Time "14:08:08"]
[PlyCount "117"]
[TimeControl "180+2"]

1. e4 c6 2. Nf3 d5 3. exd5 cxd5 4. Nc3 Nf6 5. d4 Bf5 6. Bg5 e6 7. Bb5+ Nc6
8. Bxc6+ bxc6 9. O-O h6 10. Bxf6 Qxf6 11. Ne5 c5 12. Nf3 Be7 13. Nb5 O-O
14. dxc5 Bxc5 15. c3 a6 16. Nbd4 Rab8 17. Nxf5 Qxf5 18. b4 Bd6 19. Nd4 Qf6
20. Qf3 Qxf3 21. Nxf3 Rfc8 22. Rac1 Rc7 23. a3 Rbc8 24. Nd4 Rxc3 25. Rxc3
Rxc3 26. Ra1 Rb3 27. Nxb3 Kf8 28. Kf1 Be5 29. Rc1 Ke7 30. Rc2 Kf6 31. Ke2
Bf4 32. Kf3 Bd6 33. Nd4 Be5 34. Nc6 Ba1 35. Rc1 Bb2 36. Rb1 Bxa3 37. b5
axb5 38. Rxb5 Bc1 39. Rc5 g5 40. g3 d4 41. Nxd4 Bb2 42. Nc6 Ba3 43. Ra5 Bd6
44. h4 e5 45. hxg5+ hxg5 46. Ra6 Kf5 47. g4+ Kg6 48. Nd4 f6 49. Rxd6 e4+
50. Kxe4 Kg7 51. Kf5 Kh6 52. Rxf6+ Kg7 53. Ne6+ Kh7 54. Rg6 Kh8 55. Kf6 Kh7
56. Nf8+ Kh8 57. Ne6 Kh7 58. Kf7 Kh8 59. Rh6# { Black checkmated } 1-0

[Event "ICC tourney 2260 (3 2)"]
[Site "Internet Chess Club"]
[Date "2020.12.31"]
[Round "8"]
[White "Zapateado"]
[Black "BillyC"]
[Result "1-0"]
[ICCResult "Black resigns"]
[WhiteElo "1908"]
[BlackElo "1948"]
[Opening "QGD: semi-Slav, Marshall gambit"]
[ECO "A13"]
[NIC "EO.64"]
[Time "14:07:40"]
[PlyCount "57"]
[TimeControl "180+2"]

1. c4 e6 2. e4 c6 3. Nc3 d5 4. d4 Bb4 5. e5 Ne7 6. Nf3 Nd7 7. Bd3 dxc4 8.
Bxc4 Nd5 9. Bd2 N7b6 10. Bd3 Bd7 11. O-O Rc8 12. a3 Be7 13. Ne4 c5 14. dxc5
Bxc5 15. Nxc5 Rxc5 16. b4 Rc8 17. Qe2 Nc3 18. Bxc3 Rxc3 19. Rfd1 Nd5 20.
Be4 Bc6 21. b5 Bd7 22. Bxd5 exd5 23. Rxd5 Qb6 24. Rad1 Rc7 25. Ng5 h6 26.
Nxf7 Kxf7 27. Rxd7+ Rxd7 28. Rxd7+ Ke6 29. Rd6+ { Black resigns } 1-0